 Dungeon Crawl Stone Soup version 0.23-a0-643-g9ccc95a (webtiles) character file.

1 Gorice the Sneak (level 1, -1/16 HPs)
             Began as a Demonspawn Wanderer on Dec 31, 2018.
             Slain by a gnoll
             ... wielding a +0 whip
              (8 damage)
             ... on level 1 of the Dungeon.
             The game lasted 00:00:56 (99 turns).

Gorice the Sneak (Demonspawn Wanderer)                Turns: 99, Time: 00:00:56

Health: -1/16      AC:  3    Str: 13    XL:     1   Next: 16%
Magic:  1/1        EV: 11    Int: 12    God:
Gold:   27         SH:  0    Dex: 12    Spells: 0/0 levels left

rFire    . . .     SeeInvis .   a - +2 dagger
rCold    . . .     Gourm    .   (no shield)
rNeg     . . .     Faith    .   e - +0 robe
rPois    .         Spirit   .   (no helmet)
rElec    .         Reflect  .   c - +0 cloak
rCorr    .         Harm     .   (no gloves)
MR       .....                  (no boots)
Stlth    ++........             (no amulet)
HPRegen  0.05/turn              (no ring)
MPRegen  0.07/turn              (no ring)

@: no status effects
A: no striking features
a: no special abilities


You were on level 1 of the Dungeon.
You were not hungry.

You visited 1 branch of the dungeon, and saw 1 of its levels.

You collected 27 gold pieces.

Inventory:

Hand Weapons
 a - a +2 dagger (weapon)
 d - a +0 spear
Armour
 c - a +0 cloak (worn)
 e - a +0 robe (worn)
Scrolls
 b - a scroll of fear {!r}
 g - a scroll of immolation {unknown}
Potions
 h - 2 potions of invisibility {unknown}
Comestibles
 f - a ration


   Skills:
 + Level 2.1 Fighting
 - Level 3.6 Stealth
   Level 1.0 Hexes
 - Level 1.7 Transmutations
   Level 1.0 Evocations


You couldn't memorise any spells.
You knew the following spells:

 Your Spells              Type           Power        Failure   Level  Hunger
a - Beastly Appendage     Tmut           #.....       16%         1    ##.....

Your spell library contained the following spells:

 Spells                   Type           Power        Failure   Level  Hunger
 Spider Form              Tmut/Pois      #.........   56%         3    ####...


Dungeon Overview and Level Annotations

Branches:
Dungeon (1/15)

Altars:


Message History

You finish putting on your +0 cloak.
A hobgoblin comes into view. It is wielding a +0 club.
The hobgoblin shouts!
You see here 13 gold pieces.
You now have 13 gold pieces.
No target in view!
No target in view!
The hobgoblin hits you with a +0 club.
Damage: 1 (max 1)
You hit the hobgoblin.
The hobgoblin is severely wounded.
You hit the hobgoblin.
You kill the hobgoblin!
You see here a +0 club.
Found a short sword.
Found a scroll labeled POGOJI PEAF.
Found 2 fizzy grey potions.
A leopard gecko comes into view.
You see here 14 gold pieces.
You now have 27 gold pieces (gained 14).
Found a stone staircase leading down.
g - a scroll labeled POGOJI PEAF
h - 2 fizzy grey potions A gnoll comes into view.
It is wielding a +0 whip.
The gnoll shouts!
Found a pair of boots.
A frilled lizard comes into view.
You see here a short sword.
The gnoll hits you with a +0 whip.
Damage: 3 (max 3)
You hit the gnoll.
The gnoll is lightly wounded.
The gnoll hits you with a +0 whip.
Damage: 4 (max 4)
You closely miss the gnoll.
The gnoll is lightly wounded.
The gnoll barely misses you.
You hit the gnoll.
The gnoll is moderately wounded.
The gnoll hits you with a +0 whip.
* * * LOW HITPOINT WARNING * * *
Damage: 3 (max 4)
You hit the gnoll.
The gnoll is heavily wounded.
The gnoll barely misses you.
You hit the gnoll.
The gnoll is severely wounded.
The gnoll hits you with a +0 whip!
Ouch! That really hurt!
You die...

.....#### ..# ........## #.#
###.# ........[## #.l.# #
...# ..........#####.. .#.
#..# ............ ... #.#
#..# #..g....# #.# #.# #..#
#.....# #.###.###..####
##...#######......##......
#.>.....g@.)..#...........
#......##.............#######
####... #..#####.############
.........# #.....##...##.
#....###.## ###.##§§#≈.#.#
#.... #.# ### .##§§§.###.
..... ... .....###§..##.#
...# #....##..#.# ....
#####..≈#.#.


You could see a gnoll.

Vanquished Creatures
  A hobgoblin (D:1)
1 creature vanquished.

Notes
Turn   | Place    | Note
-------+----------+-------------------------------------------
     0 | D:1      | Gorice the Demonspawn Wanderer began the quest for the Orb.
     0 | D:1      | Gorice set off with the following items: a +2 dagger, a
                  | scroll of fear {!r}, a +0 spear, a +0 robe, a ration; and
                  | the following spell memorised: Beastly Appendage; and the
                  | following spells available to memorise: Spider Form
     0 | D:1      | Reached XP level 1. HP: 16/16 MP: 1/1
    99 | D:1      | Slain by a gnoll

Vault maps used:
D:1:      dpeg_arrival_brainrot

Action                   || total
-------------------------++-------
Melee: Dagger            ||     7
Dodge: Dodged            ||     2

Table legend:
 A = Non-vault XP
 B = Vault XP
 C = Vault XP percentage of total XP
 D = Non-vault monster count
 E = Vault monster count
 F = Vault count percentage of total count
                 A         B        C        D         E       F
            +---------+---------+-------+---------+---------+-------
      Total |       2 |       0 |   0.0 |       1 |       0 |   0.0
            +---------+---------+-------+---------+---------+-------
        D:1 |       2 |       0 |   0.0 |       1 |       0 |   0.0
            +---------+---------+-------+---------+---------+-------

Table legend:
 A = Turns spent in this place as a percentage of turns spent in the entire game.
 B = Non-inter-level travel turns spent in this place as a percentage of non-inter-level travel turns spent in the entire game.
 C = Inter-level travel turns spent in this place as a percentage of turns spent in this place.
 D = Turns resting spent in this place as a percentage of non-inter-level travel turns spent in this place.
 E = Turns spent auto-exploring this place as a percentage of non-inter-level travel turns spent in this place.
 F = Non-inter-level travel turns spent in this place divided by the number of levels of this place that you've seen.
                   A       B       C       D       E      F
               +-------+-------+-------+-------+-------+----------------------
         Total | 100.0 | 100.0 |   0.0 |   0.0 |  43.4 |  99.0
       Dungeon | 100.0 | 100.0 |   0.0 |   0.0 |  43.4 |  99.0
               +-------+-------+-------+-------+-------+----------------------

Vault maps used:
D:1:      dpeg_arrival_brainrot
